TOP OF THE 1ST |
Casper Ghosts batting - Pitching for Belvedere Park Rawhides : RHP Joong Ban
|
Pitching: RHP Joong Ban
|
|
Batting: LHB Ronald Anderson
|
0-0: Called Strike 0-1: Ball 1-1: Ball 2-1: Ball 3-1: Ground out 4-3 (Groundball, 4D)
|
Batting: RHB José Córdova
|
0-0: Called Strike 0-1: Ball 1-1: Called Strike 1-2: Strikes out looking
|
Batting: RHB Derek Bangert
|
0-0: Foul Ball, location: 2F 0-1: Called Strike 0-2: DOUBLE (Line Drive, 7LS)
|
Batting: RHB Jorge Díaz
|
0-0: Ball 1-0: Foul Ball, location: 2F 1-1: Ball 2-1: Called Strike 2-2: Fly out, F5 (Line Drive, 56)
|
Top of the 1st over - 0 runs, 1 hit, 0 errors, 1 left on base; Casper 0 - Belvedere Park 0 |
BOTTOM OF THE 1ST |
Belvedere Park Rawhides batting - Pitching for Casper Ghosts : RHP Rhett Abbott
|
Pitching: RHP Rhett Abbott
|
|
Batting: RHB Ed Jozwiak
|
0-0: Fly out, F7 (Line Drive, 78M)
|
Batting: RHB Ken Burton
|
0-0: Ball 1-0: Ball 2-0: Swinging Strike 2-1: Ball 3-1: Fly out, F6 (Line Drive, 6)
|
Batting: RHB Jaime Cruz
|
0-0: Fly out, F4 (Popup, 23)
|
Bottom of the 1st over - 0 runs, 0 hits, 0 errors, 0 left on base; Casper 0 - Belvedere Park 0 |
TOP OF THE 2ND |
Casper Ghosts batting - Pitching for Belvedere Park Rawhides : RHP Joong Ban
|
Batting: RHB Bob Phillips
|
0-0: Foul Ball, location: 2F 0-1: Ball 1-1: Swinging Strike 1-2: Foul Ball, location: 2F 1-2: Fly out, F9 (Flyball, 89S)
|
Batting: RHB Armando Pacheco
|
0-0: Bunt missed! 0-1: Ball 1-1: Fly out, F5 (Popup, 5S)
|
Batting: RHB Félix Ramos
|
0-0: Called Strike 0-1: SINGLE (Line Drive, 8LM)
|
Batting: RHB Henry Appleby
|
0-0: Ball 1-0: Fielders Choice at 2nd, 6-4 (Groundball, 56)
|
Top of the 2nd over - 0 runs, 1 hit, 0 errors, 1 left on base; Casper 0 - Belvedere Park 0 |
BOTTOM OF THE 2ND |
Belvedere Park Rawhides batting - Pitching for Casper Ghosts : RHP Rhett Abbott
|
Batting: RHB Juan Chávez
|
0-0: Ball 1-0: Ball 2-0: Called Strike 2-1: Ground out 6-3 (Groundball, 56)
|
Batting: RHB Jorge Alcantar
|
0-0: Called Strike 0-1: Ball 1-1: Called Strike 1-2: Strikes out swinging
|
Batting: RHB David Martínez
|
0-0: Swinging Strike 0-1: Foul Ball, location: 2F 0-2: Foul Ball, location: 2F 0-2: Strikes out looking
|
Bottom of the 2nd over - 0 runs, 0 hits, 0 errors, 0 left on base; Casper 0 - Belvedere Park 0 |
TOP OF THE 3RD |
Casper Ghosts batting - Pitching for Belvedere Park Rawhides : RHP Joong Ban
|
Batting: RHB Juan Hernández
|
0-0: Foul Ball, location: 2F 0-1: Ball 1-1: Ball 2-1: Fly out, F4 (Popup, 34S)
|
Batting: LHB Ronald Anderson
|
0-0: Ball 1-0: Ball 2-0: Called Strike 2-1: SINGLE (Flyball, 78S)
|
Batting: RHB José Córdova
|
0-0: DOUBLE (Line Drive, 7LM) Ronald Anderson to third Runner from 3rd tries for Home, SAFE, no throw
|
Batting: RHB Derek Bangert
|
0-0: Ball 1-0: Ball 2-0: Ball 3-0: Called Strike 3-1: Foul Ball, location: 2F 3-2: Foul Ball, location: 2F 3-2: Foul Ball, location: 2F 3-2: SINGLE (Line Drive, 8LS) José Córdova to third
|
Batting: RHB Jorge Díaz
|
0-0: Fielders Choice at 2nd, 6-4 (Groundball, 56) José Córdova scores
|
Batting: RHB Bob Phillips
|
0-0: Ball 1-0: Ball 2-0: Foul Ball, location: 2F 2-1: Foul Ball, location: 2F 2-2: Foul Ball, location: 2F 2-2: Foul Ball, location: 2F 2-2: Foul Ball, location: 2F 2-2: Ball Jorge Díaz steals 2nd base 3-2: Base on Balls
|
Batting: RHB Armando Pacheco
|
0-0: Ball 1-0: Called Strike 1-1: Ball 2-1: Ball 3-1: Fielders Choice at 2nd, 6-4 (Groundball, 6)
|
Top of the 3rd over - 2 runs, 3 hits, 0 errors, 2 left on base; Casper 2 - Belvedere Park 0 |
BOTTOM OF THE 3RD |
Belvedere Park Rawhides batting - Pitching for Casper Ghosts : RHP Rhett Abbott
|
Batting: RHB Harry Gibson
|
0-0: Ball 1-0: TRIPLE (Line Drive, 8LXD)
|
Batting: RHB Jody Bennett
|
0-0: Ball 1-0: Ball 2-0: Called Strike 2-1: Ball 3-1: Ground out 5-3 (Groundball, 56) Harry Gibson scores
|
Batting: RHB José Luque
|
0-0: Ball 1-0: SINGLE (Groundball, 56D)
|
Batting: RHB Ed Jozwiak
|
0-0: Foul Ball, location: 2F 0-1: Ball 1-1: Ball 2-1: Ball 3-1: Base on Balls José Luque to second
|
Batting: RHB Ken Burton
|
0-0: Called Strike 0-1: Ball 1-1: Called Strike 1-2: Ball 2-2: Ball 3-2: Foul Ball, location: 2F 3-2: Base on Balls José Luque to third Ed Jozwiak to second
|
Batting: RHB Jaime Cruz
|
0-0: Ball 1-0: Grounds into double play, 6-4-3 (Groundball, 6)
|
Bottom of the 3rd over - 1 run, 2 hits, 0 errors, 2 left on base; Casper 2 - Belvedere Park 1 |
TOP OF THE 4TH |
Casper Ghosts batting - Pitching for Belvedere Park Rawhides : RHP Joong Ban
|
Batting: RHB Félix Ramos
|
0-0: Ball 1-0: Foul Ball, location: 2F 1-1: Foul Ball, location: 2F 1-2: Strikes out swinging
|
Batting: RHB Henry Appleby
|
0-0: Swinging Strike 0-1: Ball 1-1: Foul Ball, location: 2F 1-2: Ball 2-2: Ball 3-2: Foul Ball, location: 2F 3-2: Foul Ball, location: 2F 3-2: Strikes out swinging
|
Batting: RHB Juan Hernández
|
0-0: Ball 1-0: Ball 2-0: Called Strike 2-1: Called Strike 2-2: Strikes out swinging
|
Top of the 4th over - 0 runs, 0 hits, 0 errors, 0 left on base; Casper 2 - Belvedere Park 1 |
BOTTOM OF THE 4TH |
Belvedere Park Rawhides batting - Pitching for Casper Ghosts : RHP Rhett Abbott
|
Batting: RHB Juan Chávez
|
0-0: Foul Ball, location: 2F 0-1: Ball 1-1: Called Strike 1-2: Ball 2-2: Ball 3-2: Foul Ball, location: 2F 3-2: SINGLE (Flyball, 89M)
|
Batting: RHB Jorge Alcantar
|
0-0: Called Strike 0-1: Foul Ball, location: 2F 0-2: Ball 1-2: Foul Ball, location: 2F 1-2: Grounds into double play, 4-6-3 (Groundball, 34)
|
Batting: RHB David Martínez
|
0-0: Ball 1-0: Foul Ball, location: 2F 1-1: Called Strike 1-2: Foul Ball, location: 2F 1-2: Ground out 6-3 (Groundball, 6M)
|
Bottom of the 4th over - 0 runs, 1 hit, 0 errors, 0 left on base; Casper 2 - Belvedere Park 1 |
TOP OF THE 5TH |
Casper Ghosts batting - Pitching for Belvedere Park Rawhides : RHP Joong Ban
|
Batting: LHB Ronald Anderson
|
0-0: Called Strike 0-1: Ball 1-1: Swinging Strike 1-2: Foul Ball, location: 2F 1-2: Foul Ball, location: 2F 1-2: Strikes out looking
|
Batting: RHB José Córdova
|
0-0: Called Strike 0-1: Ball 1-1: Foul Ball, location: 2F 1-2: Ball 2-2: Ball 3-2: Ground out U3 (Groundball, 34)
|
Batting: RHB Derek Bangert
|
0-0: Called Strike 0-1: Ball 1-1: Ball 2-1: DOUBLE (Line Drive, 7LD)
|
Pitching: RHP Paul Addison
|
|
Batting: RHB Jorge Díaz
|
0-0: Swinging Strike 0-1: Foul Ball, location: 2F 0-2: Strikes out swinging
|
Top of the 5th over - 0 runs, 1 hit, 0 errors, 1 left on base; Casper 2 - Belvedere Park 1 |
BOTTOM OF THE 5TH |
Belvedere Park Rawhides batting - Pitching for Casper Ghosts : RHP Rhett Abbott
|
Batting: RHB Harry Gibson
|
0-0: Ball 1-0: SINGLE (Line Drive, 6MD)
|
Batting: RHB Jody Bennett
|
0-0: Called Strike Harry Gibson steals 2nd base 0-1: Ball 1-1: Foul Ball, location: 2F 1-2: Ball 2-2: Ball 3-2: Ground out 6-3 (Groundball, 6) Harry Gibson to third
|
Batting: RHB José Luque
|
0-0: Swinging Strike 0-1: Foul Ball, location: 2F 0-2: Strikes out looking
|
Batting: RHB Ed Jozwiak
|
0-0: Ball 1-0: Foul Ball, location: 2F 1-1: Called Strike 1-2: Ball 2-2: Strikes out swinging
|
Bottom of the 5th over - 0 runs, 1 hit, 0 errors, 1 left on base; Casper 2 - Belvedere Park 1 |
TOP OF THE 6TH |
Casper Ghosts batting - Pitching for Belvedere Park Rawhides : RHP Paul Addison
|
Batting: RHB Bob Phillips
|
0-0: Ball 1-0: Ball 2-0: Ball 3-0: Called Strike 3-1: Fly out, F1 (Line Drive, 15S)
|
Batting: RHB Armando Pacheco
|
0-0: Ball 1-0: Foul Ball, location: 2F 1-1: Ball 2-1: Foul Ball, location: 2F 2-2: Foul Ball, location: 2F 2-2: Ball 3-2: Ground out 4-3 (Groundball, 4)
|
Batting: RHB Félix Ramos
|
0-0: Called Strike 0-1: Swinging Strike 0-2: Strikes out swinging
|
Top of the 6th over - 0 runs, 0 hits, 0 errors, 0 left on base; Casper 2 - Belvedere Park 1 |
BOTTOM OF THE 6TH |
Belvedere Park Rawhides batting - Pitching for Casper Ghosts : RHP Rhett Abbott
|
Batting: RHB Ken Burton
|
0-0: Ball 1-0: Ball 2-0: Ground out 6-3 (Groundball, 6)
|
Batting: RHB Jaime Cruz
|
0-0: Fly out, F8 (Line Drive, 8LM)
|
Batting: RHB Juan Chávez
|
0-0: Foul Ball, location: 2F 0-1: Foul Ball, location: 2F 0-2: Foul Ball, location: 2F 0-2: Ground out 6-3 (Groundball, 6)
|
Bottom of the 6th over - 0 runs, 0 hits, 0 errors, 0 left on base; Casper 2 - Belvedere Park 1 |
TOP OF THE 7TH |
Casper Ghosts batting - Pitching for Belvedere Park Rawhides : RHP Paul Addison
|
Batting: RHB Henry Appleby
|
0-0: Ball 1-0: Ball 2-0: Ball 3-0: Called Strike 3-1: Base on Balls
|
Pinch Hitting: LHB Kyle Mann
|
0-0: Ball 1-0: Ball 2-0: Ball 3-0: Base on Balls Henry Appleby to second
|
Batting: LHB Ronald Anderson
|
0-0: Bunted foul 0-1: Ball 1-1: Sac Bunt - play at third, runner OUT! 5-6 Kyle Mann to second
|
Batting: RHB José Córdova
|
0-0: Called Strike 0-1: Foul Ball, location: 2F 0-2: Foul Ball, location: 2F 0-2: Strikes out looking
|
Batting: RHB Derek Bangert
|
0-0: Called Strike 0-1: Called Strike 0-2: Foul Ball, location: 2F 0-2: Foul Ball, location: 2F 0-2: Ball 1-2: Strikes out swinging
|
Top of the 7th over - 0 runs, 0 hits, 0 errors, 2 left on base; Casper 2 - Belvedere Park 1 |
BOTTOM OF THE 7TH |
Belvedere Park Rawhides batting - Pitching for Casper Ghosts : RHP Rhett Abbott
|
Now at 3B: Roberto De La Cruz
|
|
Batting: RHB Jorge Alcantar
|
0-0: Called Strike 0-1: Ball 1-1: Ball 2-1: Ball 3-1: Foul Ball, location: 2F 3-2: Strikes out swinging
|
Batting: RHB David Martínez
|
0-0: Ball 1-0: Ground out 5-3 (Groundball, 56S)
|
Batting: RHB Harry Gibson
|
0-0: Ground out 6-3 (Groundball, 6)
|
Bottom of the 7th over - 0 runs, 0 hits, 0 errors, 0 left on base; Casper 2 - Belvedere Park 1 |
TOP OF THE 8TH |
Casper Ghosts batting - Pitching for Belvedere Park Rawhides : RHP Paul Addison
|
Batting: RHB Jorge Díaz
|
0-0: Swinging Strike 0-1: Ground out U3 (Groundball, 34S)
|
Batting: RHB Bob Phillips
|
0-0: Foul Ball, location: 2F 0-1: Ball 1-1: Ball 2-1: Ball 3-1: SINGLE (Line Drive, 78S)
|
Batting: RHB Armando Pacheco
|
0-0: Ball 1-0: SINGLE (Groundball, 34D) Bob Phillips to second Runner from 2nd tries for 3rd, SAFE, no throw
|
Batting: RHB Félix Ramos
|
0-0: Ball 1-0: Foul Ball, location: 2F 1-1: Called Strike 1-2: Strikes out swinging
|
Batting: RHB Henry Appleby
|
0-0: Swinging Strike 0-1: Ball 1-1: Ball 2-1: SINGLE (Groundball, 56D) Bob Phillips scores Armando Pacheco to second
|
Batting: RHB Roberto De La Cruz
|
0-0: Called Strike 0-1: Ball 1-1: Foul Ball, location: 2F 1-2: Ball 2-2: SINGLE (Groundball, 56D) Armando Pacheco to third Henry Appleby to second Runner from 3rd tries for Home, SAFE, no throw
|
Pitching: RHP Arturio Sandolva
|
|
Batting: LHB Ronald Anderson
|
0-0: Ball 1-0: Ball 2-0: Ball 3-0: Base on Balls Henry Appleby to third Roberto De La Cruz to second
|
Batting: RHB José Córdova
|
0-0: Called Strike 0-1: Called Strike 0-2: Foul Ball, location: 2F 0-2: Ground out 4-3 (Groundball, 4M)
|
Top of the 8th over - 2 runs, 4 hits, 0 errors, 3 left on base; Casper 4 - Belvedere Park 1 |
BOTTOM OF THE 8TH |
Belvedere Park Rawhides batting - Pitching for Casper Ghosts : RHP Rhett Abbott
|
Batting: RHB Jody Bennett
|
0-0: Ball 1-0: Fly out, F4 (Popup, 4M)
|
Batting: RHB José Luque
|
0-0: Called Strike 0-1: Ball 1-1: Foul Ball, location: 2F 1-2: Ball 2-2: Ground out 5-3 (Groundball, 56)
|
Batting: RHB Ed Jozwiak
|
0-0: Ball 1-0: Swinging Strike 1-1: Swinging Strike 1-2: Ball 2-2: Foul Ball, location: 2F 2-2: Foul Ball, location: 2F 2-2: Foul Ball, location: 2F 2-2: Foul Ball, location: 2F 2-2: Strikes out looking
|
Bottom of the 8th over - 0 runs, 0 hits, 0 errors, 0 left on base; Casper 4 - Belvedere Park 1 |
TOP OF THE 9TH |
Casper Ghosts batting - Pitching for Belvedere Park Rawhides : RHP Arturio Sandolva
|
Pitching: RHP Ramón Lara
|
|
Batting: RHB Derek Bangert
|
0-0: Ball 1-0: Called Strike 1-1: Foul Ball, location: 2F 1-2: Fly out, F9 (Flyball, 9S)
|
Batting: RHB Jorge Díaz
|
0-0: Ground out 6-3 (Groundball, 6)
|
Batting: RHB Bob Phillips
|
0-0: Called Strike 0-1: Foul Ball, location: 2F 0-2: Ball 1-2: Foul Ball, location: 2F 1-2: Strikes out looking
|
Top of the 9th over - 0 runs, 0 hits, 0 errors, 0 left on base; Casper 4 - Belvedere Park 1 |
BOTTOM OF THE 9TH |
Belvedere Park Rawhides batting - Pitching for Casper Ghosts : RHP Rhett Abbott
|
Batting: RHB Ken Burton
|
0-0: Ball 1-0: Ball 2-0: Ball 3-0: Base on Balls
|
Pitching: RHP Wong Fei-Hung
|
|
Batting: RHB Jaime Cruz
|
0-0: Ball 1-0: Ball 2-0: Ball 3-0: Called Strike 3-1: Swinging Strike 3-2: Base on Balls Ken Burton to second
|
Batting: RHB Juan Chávez
|
0-0: Called Strike 0-1: Ball 1-1: Ball 2-1: SINGLE (Flyball, 7LS) Ken Burton to third Jaime Cruz to second
|
Batting: RHB Jorge Alcantar
|
0-0: Called Strike 0-1: Fielders Choice at 2nd, 6-4 (Groundball, 6D) Ken Burton scores Jaime Cruz to third
|
Batting: RHB David Martínez
|
0-0: Ball Jorge Alcantar steals 2nd base 1-0: Called Strike 1-1: Fly out, F7 (Flyball, 7D) Runner from 3rd tags up, SCORES, no throw
|
Pinch Hitting: LHB António Serrano
|
0-0: Called Strike 0-1: Fly out, F5 (Flyball, 5D)
|
Bottom of the 9th over - 2 runs, 1 hit, 0 errors, 1 left on base; Casper 4 - Belvedere Park 3 |
|